woodfighter, chaotic female human Priestess --------- A |.......| |.......| X @A A @|...@...| @ J A @ |..)A...| X | |..A....| | @ @@ @ @ A@t @ @A |. ----.---- .| A A t @ q @ @ & |...@@A[@.A...| @ A -)WA.%....- @ @ @ A A @ -----@----- A &@ @ -.qA.@A.-- A A @@ @ ...@.@&..-------- A AA J ..........|.%.... .....A...--...--- -.......--....| @----|----...--- .........)...| -------------- woodfighter the High Priestess Experience level: 30 Strength: 25 Dexterity: 18 Constitution: 19 Intelligence: 19 Wisdom: 17 Charisma: 17 Health: 238(238) Energy: 495(495) Def: 51 Gold: 0 Moves: 49798 Dungeon seed: kSUUL10Hf89OwDig Game ID: woodfighter_1598814391 Your Inventory: Amulets A - a blessed amulet of life saving (being worn) Weapons a - the blessed rustproof +6 Sceptre of Might (weapon in hand) Z - 20 blessed poisoned +7 darts (in quiver) Armor b - a blessed +5 shield of reflection (being worn) e - a blessed thoroughly burnt +4 pair of speed boots (being worn) n - a blessed +5 Hawaiian shirt (being worn) x - a cursed +0 helm of opposite alignment (being worn) D - a blessed greased +4 gray dragon scale mail (being worn) J - a blessed rustproof +5 pair of gauntlets of power (being worn) S - a blessed greased fireproof +5 cloak of protection (being worn) Y - a blessed greased rustproof +5 helm of brilliance Comestibles i - a blessed lembas wafer Potions U - 3 blessed potions of full healing Rings P - a blessed corrodeproof ring of free action (on right hand) X - a blessed ring of regeneration (on left hand) Wands d - a blessed wand of digging (0:2) f - a wand of teleportation (0:6) h - a blessed wand of fire (0:8) t - a blessed wand of death (0:4) B - a wand of cancellation (0:7) Tools o - a blessed magic lamp (lit) q - a blessed +0 unicorn horn s - a blessed bag of holding y - a blessed skeleton key G - the blessed Orb of Fate (0:5) I - the blessed Platinum Yendorian Express Card W - a blessed towel Gems N - a blessed luckstone Contents of the bag of holding: a blessed rustproof amulet of flying a blessed amulet of life saving a blessed amulet of life saving a blessed amulet of life saving a blessed amulet of life saving a blessed +2 mace 40 blessed poisoned +7 darts a blessed greased fireproof +3 robe 18 blessed K-rations 5 blessed cram rations 5 blessed lembas wafers a blessed sprig of wolfsbane a blessed scroll of blank paper 15 scrolls of blank paper a blessed scroll of charging a blessed scroll of genocide a blessed scroll of gold detection 2 blessed scrolls of remove curse a blessed scroll of wishing 6 potions of confusion 27 blessed potions of full healing 10 potions of holy water a blessed ring of conflict a blessed wand of death (0:3) a blessed wand of death (0:0) a blessed wand of digging (0:8) a blessed wand of fire (0:7) a blessed wand of teleportation (0:8) a blessed can of grease (0:16) a fireproof magic marker (0:10) a blessed +0 unicorn horn a blessed +0 unicorn horn a blessed +0 unicorn horn a +0 unicorn horn Spells and supernatural/magical abilities: Name Level Category Fail Memory c - cause fear 3 enchantment 100% 45% d - dig 2 matter 100% 97% h - healing 1 healing 99% 97% k - knock 1 matter 100% 97% l - light 1 divination 100% 20% m - magic missile 2 attack 100% 20% n - detect monsters 1 divination 100% 20% p - protection 1 clerical 100% 20% r - remove curse 3 clerical 65% 97% s - slow monster 1 enchantment 100% 20% v - clairvoyance 3 divination 100% 48% w - wizard lock 2 matter 100% 97% x - extra healing 3 healing 99% 97% z - sleep 2 enchantment 100% 20% B - cure blindness 2 healing 99% 20% D - drain life 3 attack 100% 20% E - detect food 2 divination 100% 20% H - haste self 3 escape 100% 45% I - identify 3 divination 100% 97% K - cure sickness 3 healing 99% 97% L - levitation 4 escape 100% 97% M - magic mapping 5 divination 100% 97% O - create monster 2 clerical 100% 20% S - stone to flesh 3 healing 100% 20% U - detect unseen 3* divination 100% 0% W - pray for help -- divine ? -- X - turn undead -- divine ? -- Your skills at the end: Miscellaneous Skills bare handed combat [Basic] shield [Expert] wands [Skilled] stealth [Expert] Weapon Skills mace [Expert] dart [Basic] Spellcasting Skills healing spells [Expert] divination spells [Expert] clerical spells [Expert] Final Attributes: You were fervently aligned. You were fire resistant. You were cold resistant. You were sleep resistant. You were disintegration-resistant. You were shock resistant. You were poison resistant. You were level-drain resistant. You were magic-protected. You were blinded. You saw invisible. You were telepathic. You were warned. You were invisible to others. You were stealthy. You regenerated. You were protected. You were very fast. You had reflection. You had free action. Your life would have been saved. You were extremely lucky. You had extra luck. Good luck did not time out for you. You survived. Vanquished creatures: Baalzebub Orcus Yeenoghu Juiblex The Wizard of Yendor (twice) 2 arch-liches 2 high priests 5 ancient red dragons 30 ancient white dragons 39 ancient orange dragons 29 ancient black dragons 45 ancient blue dragons 28 ancient green dragons 32 ancient yellow dragons 5 mammoths Vlad the Impaler Medusa Croesus 29 krakens an Archon 2 elder orange dragons 6 iron golems 3 master liches 2 gray dragons 2 silver dragons 7 red dragons 5 white dragons 2 orange dragons 4 black dragons 3 blue dragons a green dragon a yellow dragon 11 storm giants 3 titans 7 deep ettins 4 glass golems 8 balrogs Nalzok 8 purple worms 10 minotaurs 8 jabberwocks 13 baluchitheria 42 young red dragons 7 young white dragons a young orange dragon 4 young black dragons a young blue dragon 48 demiliches 3 stone golems 6 master mind flayers 34 Olog-hai 2 Nazgul 14 pit fiends 5 sandestins 2 hell hounds 8 titanotheres 9 trappers 11 baby orange dragons 3 gryphons 95 guardian nagas 5 disenchanters 36 vampire lords 19 shades 5 skeletons 4 aligned priests 6 captains 50 liches 34 water trolls 3 clay golems 17 nurses 24 ice devils 9 nalfeshnees 9 lurkers above 2 Aleaxes 87 golden nagas 4 black puddings 43 vampires 103 ghosts 5 ettins 11 lieutenants an archeologist a tourist a valkyrie a queen bee 6 winged gargoyles 4 mind flayers 10 giant mimics 3 fire giants 8 ogre kings 5 Elvenkings 3 ice trolls 20 rock trolls 7 umber hulks 3 flesh golems 26 doppelgangers 18 hezrous 39 bone devils 49 salamanders 9 large mimics 3 wumpuses 4 fire vortices a baby long worm 8 long worms 14 couatls 15 stalkers 5 air elementals a fire elemental an earth elemental 16 water elementals 2 hill giants 6 giant mummies 95 black nagas 18 elf-lords 9 xorns 21 giant zombies 25 sergeants 3 barbed devils 37 vrocks 8 wargs 3 winter wolves 4 hell hound pups 11 quantum mechanics 18 small mimics 9 island nymphs 5 glass piercers 9 warhorses 4 steam vortices 17 xans 7 ettin mummies 7 ogre lords 35 trolls 3 sasquatches 2 wood golems 2 erinyes 13 mariliths a djinni 4 sharks 21 electric eels 3 pyrolisks 5 large dogs a freezing sphere 9 flaming spheres 8 shocking spheres 2 large cats 7 tigers 10 gargoyles 3 dwarf kings a tengu 16 gelatinous cubes 9 ochre jellies 8 crocodiles 4 chameleons 9 leocrottas 5 energy vortices 5 mountain centaurs 3 giants 3 human mummies 89 red nagas 3 green slimes 28 Grey-elves 8 pit vipers 59 pythons 3 cobras 148 wraiths 24 ettin zombies 2 leather golems 105 soldiers a horned devil 12 succubi 16 incubi 9 giant beetles 14 cockatrices 22 wolves 2 winter wolf cubs 20 black lights 2 lynxes 38 gremlins 15 leprechauns 5 quivering blobs 2 spotted jellies 6 lizards 12 mountain nymphs 9 orc-captains 3 mumakil 10 giant spiders 5 scorpions 4 iron piercers 3 horses an ice vortex 9 vampire bats 6 forest centaurs 8 gnome kings 5 orc mummies 7 dwarf mummies 27 ogres 6 brown puddings 13 Green-elves 9 rust monsters 14 owlbears 2 yetis 5 gold golems 9 werewolves 10 piranhas 20 giant eels an acolyte 10 chickatrices 5 dogs 2 dingos 2 housecats 5 jaguars 9 dwarf lords 4 blue jellies 13 water nymphs 5 white unicorns 4 black unicorns 2 dust vortices 35 ravens 8 plains centaurs 4 gnome mummies 9 Woodland-elves 6 snakes 4 apes 120 human zombies 2 rope golems 5 soldier ants 8 fire ants 9 yellow lights 36 bugbears 3 imps 9 wood nymphs 14 Mordor orcs 11 Uruk-hai 2 orc shamans 4 rock moles 6 rock piercers 2 ponies 3 fog clouds 7 shriekers 6 violet fungi 27 gnome lords 15 gnomish wizards 5 kobold mummies a red naga hatchling a golden naga hatchling 2 guardian naga hatchlings 8 gray oozes 9 barrow wights 43 elf zombies 34 ghouls a paper golem 7 jellyfish 16 giant ants a puppy 9 floating eyes 5 kittens 30 dwarves 4 homunculi 3 quasits 5 kobold lords 7 kobold shamans 15 iguanas 27 hill orcs 5 rothes 3 rabid rats 2 centipedes 2 jitterbugs 3 giant bats 9 monkeys 42 orc zombies 50 dwarf zombies a wererat 6 werejackals 25 killer bees 3 gas spores 13 hobbits 2 acid blobs 3 large kobolds 10 geckos 38 hobgoblins a giant rat 13 cave spiders 4 brown molds 2 yellow molds a green mold a red mold 75 gnomes 20 garter snakes 26 manes 44 gnome zombies 22 jackals 2 foxes 10 kobolds 9 newts 10 goblins 3 sewer rats 9 grid bugs 3 bats 12 lichens 41 kobold zombies 3935 creatures vanquished. Genocided or extinct species: chickatrices cockatrices pyrolisks hobbits dwarves bugbears dwarf lords dwarf kings quantum mechanics mind flayers master mind flayers wood nymphs water nymphs mountain nymphs island nymphs baby gray dragons baby silver dragons baby red dragons baby white dragons baby orange dragons baby black dragons baby blue dragons baby green dragons baby yellow dragons young gray dragons young silver dragons young red dragons young white dragons young orange dragons young black dragons young blue dragons young green dragons young yellow dragons gray dragons silver dragons red dragons white dragons orange dragons black dragons blue dragons green dragons yellow dragons elder gray dragons elder silver dragons elder red dragons elder white dragons elder orange dragons elder black dragons elder blue dragons elder green dragons elder yellow dragons ancient gray dragons ancient silver dragons ancient red dragons ancient white dragons ancient orange dragons ancient black dragons ancient blue dragons ancient green dragons ancient yellow dragons liches demiliches master liches arch-liches red naga hatchlings black naga hatchlings golden naga hatchlings guardian naga hatchlings red nagas black nagas golden nagas guardian nagas gray oozes brown puddings black puddings green slimes rust monsters disenchanters wraiths (extinct) human zombies (extinct) erinyes (extinct) jellyfish piranhas sharks giant eels electric eels krakens 84 species genocided. 3 species extinct. Voluntary challenges: You did not cause conflict. You had been an atheist until turn 2500. You used a wielded weapon 8180 times, starting on turn 372. You did not use plumbed fixtures. You read items or engraved 363 times, starting on turn 3332. You genocided 84 types of monsters, starting on turn 44865. You never polymorphed an object. You never changed form. You completed Sokoban on turn 4852, according to the rules. You used 12 wishes, starting on turn 32986. You wished for your your first artifact on turn 47444. You split 1 pudding, starting on turn 42461. You never wrote Elbereth's name. You violated your moral code, losing 2 points of alignment, starting on turn 8063. Dungeon overview: The Dungeons of Doom: levels 1 to 30 Level 1 stairs to The Elemental Planes Level 2 some fountains Level 3 (water) a wand shop, a fountain stairs to The Gnomish Mines Level 4 (eye) Level 5 (stash) many fountains Level 6 a fountain, a sink stairs to Sokoban Level 7 (vault) a fountain Level 8 a fountain Level 9 a fountain Level 10 Level 11 (quest) a temple to Anshar, a fountain portal to The Quest Level 12 some fountains Level 13 (big room) many fountains Level 14 Level 15 Level 16 a fountain, a sink portal to Fort Ludios Level 17 a fountain Level 18 (rogue) Level 19 Level 20 ( ) a fountain Level 21 a fountain Level 22 an altar to Anshar Level 23 some fountains Level 24 some fountains, a sink Level 25 a fountain, many trees Level 26 Level 27 Level 28 Level 29 Level 30 a magic chest, some fountains, some trees Gehennom: levels 31 to 58 Level 31 a temple to Moloch, a magic chest stairs to The Dungeons of Doom Level 32 Level 33 an altar to Moloch, a magic chest, many fountains, many benchs, many trees Level 34 Level 35 (Baalzebub) a magic chest Level 36 Level 37 Level 38 Level 39 (yeenoghu) a fountain Level 40 Level 41 (orcus) some shops, an altar to Moloch, a magic chest Level 42 (yeenoghu) a magic chest Level 43 Level 44 Level 45 (wizard) a magic chest stairs to Vlad's Tower Level 46 Level 47 portal to Gehennom Level 48 Level 49 Level 50 Level 51 Level 52 Level 53 portal to Gehennom Level 54 Level 55 Level 56 Level 57 Level 58 The Gnomish Mines: levels 4 to 12 Level 4 stairs to The Dungeons of Doom Level 5 Level 6 many shops, a temple to Anu, a magic chest, some trees Level 7 Level 8 Level 9 Level 10 Level 11 Level 12 a magic chest, a fountain The Quest: levels 1 to 6 Level 1 a temple to Moloch, a magic chest portal to The Dungeons of Doom Level 2 Level 3 a temple to Moloch Level 4 Level 5 Level 6 Sokoban: levels 2 to 5 Level 2 a magic chest Level 3 Level 4 Level 5 a magic chest stairs to The Dungeons of Doom Fort Ludios: Level 1 a magic chest portal to The Dungeons of Doom Vlad's Tower: levels 42 to 44 Level 42 Level 43 an altar to Moloch Level 44 stairs to Gehennom The Elemental Planes: Astral Plane <- You were here a high altar Plane 4 portal to The Elemental Planes Plane 3 portal to The Elemental Planes Plane 2 portal to The Elemental Planes Plane 1 portal to The Elemental Planes History has recorded: On T:1 you entered the Dungeons of Doom to retrieve the Amulet of Yendor! On T:347 you reached level 2 of The Dungeons of Doom. On T:683 you reached level 3 of The Dungeons of Doom. On T:855 you reached level 4 of The Dungeons of Doom. On T:943 you advanced to experience level 2. On T:994 you advanced to experience level 3. On T:1213 you reached level 1 of The Gnomish Mines. On T:1518 you reached level 5 of The Dungeons of Doom. On T:1769 you advanced to experience level 4. On T:1985 you reached level 6 of The Dungeons of Doom. On T:2227 you advanced to experience level 5. On T:2382 you reached level 7 of The Dungeons of Doom. On T:2443 you reached level 4 of Sokoban. On T:2500 you prayed to Ishtar. On T:2626 you opened a magic chest. On T:2794 you reached level 3 of Sokoban. On T:3734 you prayed to Ishtar. On T:3764 you advanced to experience level 6. On T:3773 you reached level 2 of Sokoban. On T:4213 you reached level 1 of Sokoban. On T:4852 you advanced to experience level 7. On T:4852 you entered the Sokoban zoo. On T:5616 you reached level 2 of The Gnomish Mines. On T:6690 you reached level 3 of The Gnomish Mines. On T:7080 you reached level 4 of The Gnomish Mines. On T:7176 you advanced to experience level 8. On T:7564 you entered the Minetown temple On T:7909 you reached level 5 of The Gnomish Mines. On T:8171 you reached level 6 of The Gnomish Mines. On T:8196 you advanced to experience level 9. On T:8633 you reached level 7 of The Gnomish Mines. On T:8823 you reached level 8 of The Gnomish Mines. On T:9370 you prayed to Ishtar. On T:9530 you reached level 9 of The Gnomish Mines. On T:9530 you reached the bottom of the Mines. On T:10899 you reached level 8 of The Dungeons of Doom. On T:10948 you reached level 9 of The Dungeons of Doom. On T:11295 you reached level 10 of The Dungeons of Doom. On T:11685 you advanced to experience level 10. On T:11955 you reached level 11 of The Dungeons of Doom. On T:12130 you reached level 12 of The Dungeons of Doom. On T:12174 you reached level 1 of The Quest. On T:12419 you prayed to Ishtar. On T:12725 you reached level 13 of The Dungeons of Doom. On T:15138 you reached level 14 of The Dungeons of Doom. On T:15177 you reached level 15 of The Dungeons of Doom. On T:16243 you reached level 16 of The Dungeons of Doom. On T:16382 you advanced to experience level 11. On T:16499 you reached Fort Ludios. On T:17284 you reached level 17 of The Dungeons of Doom. On T:17633 you reached level 18 of The Dungeons of Doom. On T:17633 you entered the Rogue tribute level. On T:18016 you reached level 19 of The Dungeons of Doom. On T:19271 you reached level 20 of The Dungeons of Doom. On T:19487 you reached level 21 of The Dungeons of Doom. On T:20568 you reached level 22 of The Dungeons of Doom. On T:22400 you advanced to experience level 12. On T:28399 you advanced to experience level 13. On T:28504 you advanced to experience level 14. On T:28507 you embarked upon an epic quest. On T:28524 you reached level 2 of The Quest. On T:28756 you reached level 3 of The Quest. On T:28942 you advanced to experience level 15. On T:29304 you advanced to experience level 16. On T:29882 you reached level 4 of The Quest. On T:29932 you reached level 5 of The Quest. On T:30048 you advanced to experience level 17. On T:30733 you reached level 6 of The Quest. On T:31036 you killed Nalzok on level 2 of The Quest. On T:31052 you completed the quest! On T:32881 you killed Croesus in Fort Ludios. On T:32986 you wished for "+3 blessed fixed greased gray dragon scale mail". On T:34108 you reached level 23 of The Dungeons of Doom. On T:34243 you reached level 24 of The Dungeons of Doom. On T:34749 you reached level 25 of The Dungeons of Doom. On T:35290 you killed Medusa on level 25 of The Dungeons of Doom. On T:35429 you reached level 26 of The Dungeons of Doom. On T:35980 you reached level 27 of The Dungeons of Doom. On T:36308 you reached level 28 of The Dungeons of Doom. On T:36766 you reached level 29 of The Dungeons of Doom. On T:37695 you reached The Castle. On T:38655 you wished for "blessed fixed ring of free action". On T:38660 you wished for "blessed fixed amulet of flying". On T:39243 you reached level 2 of Gehennom. On T:39282 you reached level 27 of Gehennom. On T:39475 you reached level 26 of Gehennom. On T:40155 you reached level 25 of Gehennom. On T:40554 you reached level 3 of Gehennom. On T:41174 you reached level 4 of Gehennom. On T:41459 you reached level 5 of Gehennom. On T:41628 you reached level 6 of Gehennom. On T:41673 you killed Baalzebub on level 5 of Gehennom. On T:42241 you reached level 7 of Gehennom. On T:42361 you reached level 8 of Gehennom. On T:42750 you killed Juiblex on level 9 of Gehennom. On T:42866 you reached level 10 of Gehennom. On T:43140 you reached level 11 of Gehennom. On T:43197 you reached level 12 of Gehennom. On T:43355 you killed Orcus on level 10 of Gehennom. On T:44128 you killed Yeenoghu on level 12 of Gehennom. On T:44334 you reached level 13 of Gehennom. On T:44492 you reached level 14 of Gehennom. On T:44661 you reached level 15 of Gehennom. On T:44864 you wished for "2 blessed fixed scrolls of genocide". On T:44910 you reached level 16 of Gehennom. On T:45207 you reached level 3 of Vlad's Tower. On T:45381 you reached level 2 of Vlad's Tower. On T:45459 you reached level 1 of Vlad's Tower. On T:45561 you killed Vlad the Impaler on level 1 of Vlad's Tower. On T:45579 you wished for "uncursed fixed magic marker". On T:45779 you reached level 17 of Gehennom. On T:45848 you reached level 18 of Gehennom. On T:46021 you reached level 19 of Gehennom. On T:46176 you reached level 20 of Gehennom. On T:46280 you wished for "blessed fixed +3 greased cloak of protection". On T:46321 you wished for "+3 blessed fixed greased helm of brilliance". On T:47166 you advanced to experience level 18. On T:47166 you advanced to experience level 19. On T:47167 you advanced to experience level 20. On T:47167 you advanced to experience level 21. On T:47168 you advanced to experience level 22. On T:47168 you advanced to experience level 23. On T:47169 you advanced to experience level 24. On T:47169 you advanced to experience level 25. On T:47170 you advanced to experience level 26. On T:47170 you advanced to experience level 27. On T:47171 you advanced to experience level 28. On T:47171 you advanced to experience level 29. On T:47172 you advanced to experience level 30. On T:47204 you wished for "uncursed fixed magic marker". On T:47418 you wished for "blessed fixed greased +3 robe". On T:47425 you wished for "blessed fixed spellbook of magic mapping". On T:47444 you wished for "blessed fixed orb of fate". On T:47445 you wished for "blessed the platinum yendorian express card". On T:47459 you reached level 21 of Gehennom. On T:47545 you reached level 22 of Gehennom. On T:48124 you reached level 24 of Gehennom. On T:48173 you reached level 23 of Gehennom. On T:49287 you killed Wizard of Yendor on level 15 of Gehennom. On T:49294 you performed the invocation. On T:49294 you reached level 28 of Gehennom. On T:49373 you killed high priest of Moloch on level 28 of Gehennom. On T:49374 you gained the Amulet of Yendor! On T:49632 you reached the Plane of Earth. On T:49633 you killed Wizard of Yendor on the Plane of Earth. On T:49668 you reached the Plane of Air. On T:49729 you reached the Plane of Fire. On T:49741 you reached the Plane of Water. On T:49765 you reached the Astral Plane. On T:49798 you lost the Amulet of Yendor. On T:49798 you offered the Amulet of Yendor to Anshar and ascended to the status of Demigoddess! Score breakdown: Gold: 0 ( 0 points) Experience: 30 levels ( 2000 points) Exploration: 58 levels ( 2000 points) Discoveries: 173 items ( 2000 points) Variety of kills: 299 monsters ( 2000 points) Major goal: ascended ( 5000 points) Ascension bonuses Valuables value: 900 ( 90 points) Artifacts: 3 ( 3000 points) Speed bonus: 49798 turns ( 2510 points) Conduct bonus: 4 conducts ( 6900 points) Survival: ascended (score multiplied by 10) Total score: 255000 Latest messages: You have a little trouble removing x - a +0 helm of opposite alignment. Your movements are slowed slightly because of your load. You start equipping your helm of opposite alignment. You stop changing your equipment. You take off your helm of brilliance. You stop changing your equipment. (2x) The Angel of Anu zaps a wand of lightning! The bolt of lightning whizzes by you! You are blinded by the flash! The bolt of lightning whizzes by you! The bolt of lightning hits the Angel of Anu. You hear a blast. A charge is shocked out of your wand of death! You aren't hurt! You are now wearing a helm of opposite alignment. The helm of opposite alignment vibrates for a moment. Your mind oscillates briefly. You offer the Amulet of Yendor to Anshar... Your conscience bothers you a little less. An invisible choir sings, and you are bathed in radiance... The voice of Anshar booms: "Congratulations, mortal!" "In return for thy service, I grant thee the gift of Immortality!" You ascend to the status of Demigoddess... Final status: Goodbye woodfighter the Demigoddess, ascended... You went to your reward with 255000 points, The Sceptre of Might (worth 2500 zorkmids) The Orb of Fate (worth 3500 zorkmids) The Platinum Yendorian Express Card (worth 7000 zorkmids) 5 amulets of life saving (worth 750 zorkmids), 1 amulet of flying (worth 150 zorkmids), and 0 pieces of gold, after 49798 moves. You were level 30 with a maximum of 238 hit points when you ascended.